AoeStats
← Jan Itor

Pilgrims

509887157Analyzed
4v4 RM · 4d ago on Sep 28, 2026· 22m 18s· 8 players
Game mode
Random Map
Map size
Large (8 player)
Population
200
Speed
Normal
Resources
Standard
Victory
Conquest
Starting age
Dark Age
Ending age
Imperial Age
RankedLock teamsTeams togetherTeam positionsShared explorationLock speedFull tech treeHidden civsTurbo modeCheats
Victory
Defeat
🇹🇼 Saxons · Taiwan
1892
+9
🇹🇼 Varangians · Taiwan
1889
+9
🇹🇼 Danes · Taiwan
1887
+9
🇹🇼 Varangians · Taiwan
1718
+16
🇩🇪 Koreans · Germany
1826
-15
🇺🇸 Malians · United States
1755
-12
🇨🇳 Vietnamese · China
1705
-10
🇩🇪 Vikings · Germany
1563
-6
Freidle
9:22 Feudal Age
8:04 Loom
16:52 Castle Age
15:21 Double-Bit Axe
17:56 Wheelbarrow
17:13 Horse Collar
17:46 Bow Saw
17:50 Medium Warships
18:18 Heavy Plow
月月
5:50 Loom
13:59 Feudal Age
15:00 Double-Bit Axe
15:31 Fishing Lines
18:20 Castle Age
16:22 Stone Mining
17:03 Gold Mining
18:18 Fletching
18:31 Padded Archer Armor
19:34 Bow Saw
19:20 Gillnets
19:22 Crossbowman
20:03 Bodkin Arrow
20:24 Leather Archer Armor
22:26 Wheelbarrow
21:37 Town Watch
Fanume
9:08 Loom
11:45 Feudal Age
16:25 Castle Age
14:17 Fletching
14:13 Fishing Lines
14:33 Double-Bit Axe
17:32 Medium Warships
17:25 Bodkin Arrow
Jan Itor
7:02 Loom
11:45 Feudal Age
12:26 Town Watch
15:23 Castle Age
13:26 Double-Bit Axe
17:09 Bow Saw
17:05 Fletching
17:55 Bodkin Arrow
22:41 Ballistics
[LuB]a61
6:08 Loom
10:36 Feudal Age
11:31 Double-Bit Axe
14:16 Castle Age
15:10 Medium Warships
18:53 Bow Saw
19:57 Town Watch
20:51 Wheelbarrow
22:03 Gold Mining
DYS.K
11:00 Feudal Age
14:42 Castle Age
14:27 Double-Bit Axe
15:41 Bow Saw
15:16 Loom
16:14 Scale Barding Armor
16:24 Fishing Lines
DemonSheep
8:36 Loom
11:13 Feudal Age
14:56 Castle Age
12:59 Double-Bit Axe
12:58 Fishing Lines
15:04 Fletching
15:11 Town Watch
15:55 Bow Saw
19:07 Squires
18:55 Arson
GKT_Cloud
8:15 Loom
10:24 Feudal Age
10:58 Town Watch
13:59 Castle Age
11:43 Fishing Lines
12:02 Double-Bit Axe
13:34 Scale Barding Armor
15:04 Bow Saw
14:47 Gillnets
15:27 Forging
22:15 Bloodlines
Connection lost

Rejoining the realm…

Still unreachable

The connection could not be restored.

Session expired

The server has moved on; the page needs a fresh start.